 Dungeon Crawl Stone Soup version 0.21.1-1-g345015f (webtiles) character file.

61 aMcNicky the Conjurer (level 4, -5/36 HPs)
             Began as a Hill Orc Conjurer on Mar 10, 2018.
             Slain by Natasha (6 damage)
             ... on level 2 of the Dungeon.
             The game lasted 00:07:55 (1548 turns).

aMcNicky the Conjurer (Hill Orc Conjurer)           Turns: 1548, Time: 00:07:56

Health: -5/36      AC:  2    Str: 10    XL:     4   Next: 7%
Magic:  1/7        EV: 12    Int: 16    God:
Gold:   58         SH:  0    Dex: 11    Spells: 6/7 levels left

rFire    . . .     SeeInvis .   i - +0 hand axe
rCold    . . .     Gourm    .   (no shield)
rNeg     . . .     Faith    .   a - +0 robe
rPois    .         Spirit   .   (no helmet)
rElec    .         Reflect  .   (no cloak)
rCorr    .         Harm     .   (no gloves)
MR       .....                  (no boots)
Stlth    ++........             (no amulet)
HPRegen  0.12/turn              (no ring)
MPRegen  0.10/turn              (no ring)

@: no status effects
A: no striking features
a: no special abilities


You were on level 2 of the Dungeon.
You were not hungry.

You visited 1 branch of the dungeon, and saw 2 of its levels.

You collected 58 gold pieces.

Inventory:

Hand Weapons
 g - a +0 dagger
 i - a +0 hand axe (weapon)
Armour
 a - a +0 robe (worn)
Scrolls
 d - a scroll of amnesia {unknown}
 e - a scroll of teleportation {unknown}
 f - 2 scrolls of remove curse {unknown}
 h - a scroll of immolation {unknown}
 k - a scroll of magic mapping {unknown}
Books
 b - a book of Conjurations

   Spells                             Type                      Level
   a - Magic Dart                     Conjuration                  1
   b - Searing Ray                    Conjuration                  2
   c - Dazzling Spray                 Conjuration/Hexes            3
   d - Fulminant Prism                Conjuration/Hexes            4
   e - Force Lance                    Conjuration/Translocation    4
   f - Iskenderun's Mystic Blast      Conjuration                  4
Comestibles
 c - 2 rations
 j - a chunk of flesh


   Skills:
 + Level 2.1 Fighting
 - Level 0.4 Short Blades
 + Level 1.2 Axes
 - Level 1.5 Dodging
 - Level 1.5 Stealth
 + Level 2.1 Spellcasting
 + Level 4.4 Conjurations


You had 6 spell levels left.
You knew the following spells:

 Your Spells              Type           Power        Failure   Level  Hunger
a - Magic Dart            Conj           ###.         3%          1    #......


Dungeon Overview and Level Annotations

Branches:
Dungeon (2/15)

Altars:

Annotations:
D:2 Natasha


Message History

Natasha claws you.
Casting: Magic Dart
Confirm with . or Enter, or press ? or * to list all spells.
Aiming: Magic Dart
Press: ? - help, Shift-Dir - straight line, f/p - Natasha
Aim: Natasha (severely wounded)
The magic dart hits Natasha.
Natasha is almost dead.
Natasha claws you.
* * * LOW HITPOINT WARNING * * *
You are too injured to fight recklessly!
You barely miss Natasha.
Natasha is almost dead.
Natasha mumbles some strange words.
Natasha claws you.
* * * LOW HITPOINT WARNING * * *
You miss Natasha.
Natasha is almost dead.
You barely miss the crimson imp. Natasha claws you.
You die...

#...........#
#.#########.#
####.#####
###.#########
.........#
#............
####.###.###.###.######
#.# #....# ##.#######
####.###....# #........
.......#..#.##
##5..#####
.............###@...#
####.#.#..###..h###.#
#.#.#..# ##.## .#
#.#.#..####.# .#
#...........# .#
###.#..###### #h!...#
#..#..# #..#..#


You could see Natasha and a crimson imp.

Vanquished Creatures
  Natasha (D:2)
  An adder (D:2)
  2 leopard geckos (D:1)
  A ball python (D:1)
  A giant cockroach (D:1)
  3 goblins (D:1)
  2 hobgoblins (D:1)
  6 bats (D:1)
  A frilled lizard (D:2)
  2 kobolds (D:1)
  10 rats
30 creatures vanquished.

Notes
Turn   | Place    | Note
-------+----------+-------------------------------------------
     0 | D:1      | aMcNicky the Hill Orc Conjurer began the quest for the Orb.
     0 | D:1      | Reached XP level 1. HP: 14/14 MP: 3/3
   278 | D:1      | Reached skill level 1 in Fighting
   423 | D:1      | Reached XP level 2. HP: 23/23 MP: 1/4
  1056 | D:1      | Reached XP level 3. HP: 27/28 MP: 3/5
  1278 | D:2      | Noticed Natasha
  1398 | D:2      | Killed Natasha
  1398 | D:2      | Reached skill level 1 in Axes
  1398 | D:2      | Reached XP level 4. HP: 8/36 MP: 1/7
  1507 | D:2      | Noticed Natasha
  1547 | D:2      | HP: 1/36 [Natasha (6)]
  1548 | D:2      | Slain by Natasha

Skill      XL: |  1  2  3 |
---------------+----------+-----
Fighting       | 1 2 |  2.1
Spellcasting   | 2 |  2.1
Axes           | 1 |  1.2
Short Blades   | |  0.4
Dodging        | |  1.5
Stealth        | |  1.5
Conjurations   | |  4.4

Action                   |  1- 3 |  4- 6 || total
-------------------------+-------+-------++-------
Melee: Unarmed           |     4 |       ||     4
       Dagger            |    23 |       ||    23
       Hand axe          |    23 |     2 ||    25
 Cast: Magic Dart        |    55 |     8 ||    63
  Eat: Chunk             |     3 |       ||     3
Armor: Robe              |    12 |       ||    12
Dodge: Dodged            |    48 |     1 ||    49
